 Seeded DCSS version 0.30-a0-377-g5cb311bc9f (webtiles) character file.

Game seed: 12882034922843276435 (custom seed)

2805 purpskrrrp the Skirmisher (level 9, -1/81 HPs)
             Began as a Minotaur Hunter on Nov 28, 2022.
             Was a Follower of Cheibriados.
             Blown up by Joseph (10 damage)
             ... with a mindburst bolt
             ... on level 8 of the Dungeon.
             The game lasted 00:11:28 (6253 turns).

purpskrrrp the Skirmisher (Minotaur Hunter)         Turns: 6253, Time: 00:11:28

Health: -1/81      AC: 12    Str: 19    XL:     9   Next: 44%
Magic:  2/2        EV: 14    Int: 10    God:    Cheibriados [*.....]
Gold:   834        SH:  0    Dex: 30    Spells: 8/8 levels left

rFire   . . .      SeeInvis .    e - +4 longbow of the Owl {antimagic, rElec Dex+6 Stlth-}
rCold   + . .      Faith    .    (shield currently unavailable)
rNeg    . . .      Spirit   .    o - +4 scale mail of Dishonesty {rElec rC+ Slay+3}
rPois   .          Reflect  .    (helmet restricted)
rElec   +          Harm     .    j - scarf {shadows}
rCorr   .          Rampage  .    D - +0 pair of gloves "Dimairre" {Regen+ Str+2 Int+2 Dex+3}
Will    .....                    (no boots)
Stlth   ..........               (no amulet)
HPRegen 1.13/turn                i - ring of flight
MPRegen 0.08/turn                (no ring)

@: flying, very slow
A: horns 2, retaliatory headbutt
a: Renounce Religion, Bend Time


You were on level 8 of the Dungeon.
You worshipped Cheibriados.
Cheibriados was aware of your devotion.
You visited 1 branch of the dungeon, and saw 8 of its levels.
You also visited: Ossuary.

You collected 1614 gold pieces.
You spent 780 gold pieces at shops.

Inventory:

Hand Weapons
 a - a +1 shortbow of draining
 e - the +4 longbow of the Owl (weapon) {antimagic, rElec Dex+6 Stlth-}
   (You acquired it on level 1 of the Dungeon)

   It reduces the magical energy of the wielder, and disrupts the spells and
   magical abilities of those it strikes.
   Natural abilities and divine invocations are not affected.
   Dex:       It affects your dexterity (+6).
   rElec:     It insulates you from electricity.
   Stlth:     It makes you less stealthy.
Missiles
 x - 4 throwing nets
Armour
 c - a +1 leather armour
 j - a scarf of shadows (worn)
 o - the +4 scale mail of Dishonesty (worn) {rElec rC+ Slay+3}
   (You bought it in a shop on level 4 of the Dungeon)

   Slay:      It affects your accuracy & damage with ranged weapons and melee
   (+3).
   rC:        It protects you from cold.
   rElec:     It insulates you from electricity.
 s - the +0 cloak of Too Many Cooks {rPois rF+ Str+2}
   (You bought it in a shop on level 4 of the Dungeon)

   Str:       It affects your strength (+2).
   rF:        It protects you from fire.
   rPois:     It protects you from poison.
 u - a +2 pair of gloves
 D - the +0 pair of gloves "Dimairre" (worn) {Regen+ Str+2 Int+2 Dex+3}
   (You found it on level 6 of the Dungeon)

   Str:       It affects your strength (+2).
   Int:       It affects your intelligence (+2).
   Dex:       It affects your dexterity (+3).
   Regen:     It increases your rate of health regeneration.
Jewellery
 i - a ring of flight (left hand)
 m - a ring of poison resistance
 y - a +6 ring of dexterity
Wands
 t - a wand of flame (19)
 w - a wand of acid (11)
Scrolls
 d - 5 scrolls of identify
 f - a scroll of enchant armour
 h - 2 scrolls of butterflies
 l - a scroll of magic mapping
 E - a scroll of teleportation
 H - a scroll of amnesia {unknown}
Potions
 b - 4 potions of curing {unknown}
 g - a potion of resistance {unknown}
 k - 5 potions of heal wounds
 n - 2 potions of haste {unknown}
 p - 2 potions of mutation {unknown}
 q - 5 potions of brilliance
 r - a potion of attraction {unknown}
 v - 2 potions of magic {unknown}
 z - a potion of lignification {unknown}
 A - a potion of cancellation {unknown}
 B - 2 potions of flight {unknown}
 C - 2 potions of invisibility {unknown}
 G - a potion of ambrosia {unknown}


   Skills:
 + Level 8.1 Fighting
 * Level 11.1 Ranged Weapons
 + Level 5.5 Armour
 - Level 5.1 Dodging
 - Level 0.7 Stealth


You had 8 spell levels left.
You didn't know any spells.
Your spell library contained the following spells:

 Spells                   Type           Power      Damage    Failure   Level
 Foxfire                  Conj/Fire      0%         2x1d4     71%         1
 Blink                    Tloc           0%         N/A       85%         2
 Momentum Strike          Conj/Tloc      0%         3d8       85%         2
 Sublimation of Blood     Necr           0%         N/A       85%         2
 Wereblood                Tmut           0%         N/A       85%         2
 Call Canine Familiar     Summ           0%         N/A       97%         3
 Lesser Beckoning         Tloc           0%         N/A       97%         3
 Portal Projectile        Hex/Tloc       0%         N/A       97%         3
 Leda's Liquefaction      Hex/Erth       0%         N/A       100%        4
 Summon Hydra             Summ           0%         N/A       100%        7


Dungeon Overview and Level Annotations

Branches:
Dungeon (8/15)             Temple (0/1) D:5         Ossuary (visited)
   Lair: D:8-11

Altars:
Cheibriados
Dithmenos
Elyvilon
Gozag
Nemelex Xobeh
Okawaru
Sif Muna
Vehumet
Wu Jian
Yredelemnul
The Shining One

Shops:
D:4 [

Annotations:
D:5 1 runed translucent door, Crazy Yiuf
D:8 Joseph


Innate Abilities, Weirdness & Mutations

You have a pair of horns on your head.
You reflexively headbutt those who attack you in melee.


Message History

You shoot an arrow. The arrow hits Joseph.
Joseph is lightly wounded.
Joseph zaps a wand.
Your mind is blasted!
You shoot an arrow. The arrow hits Joseph!!
Joseph is moderately wounded.
Joseph zaps a wand.
Your mind is blasted!
You are too injured to fight recklessly!
You are too injured to fight recklessly!
You are too injured to fight recklessly!
You are too injured to fight recklessly!
You are too injured to fight recklessly!
You are too injured to fight recklessly!
Joseph shoots a sling bullet.
The sling bullet hits you!
* * * LOW HITPOINT WARNING * * *
Joseph zaps a wand.
Your mind is blasted!
* * * LOW HITPOINT WARNING * * *
Joseph shoots a sling bullet.
The sling bullet hits you.
* * * LOW HITPOINT WARNING * * *
You are too injured to fight recklessly!
Fire: e) +4 longbow of the Owl {antimagic, rElec Dex+6 Stlth-}
Press: ? - help, Q - select action, (/) - cycle Shift-Dir - straight line, f/p - Joseph
Aim: Joseph, wielding a +0 sling, wearing a +0 leather armour and carrying a wand of mindburst (9) (heavily wounded, 76% to hit)
You shoot an arrow. The arrow hits Joseph!!
Joseph is severely wounded.
Joseph shoots a sling bullet.
The sling bullet hits you.
* * * LOW HITPOINT WARNING * * *
Fire: e) +4 longbow of the Owl {antimagic, rElec Dex+6 Stlth-}
Press: ? - help, Q - select action, (/) - cycle Shift-Dir - straight line, f/p - Joseph
Aim: Joseph, wielding a +0 sling, wearing a +0 leather armour and carrying a wand of mindburst (9) (severely wounded, 76% to hit)
You shoot an arrow. The arrow hits Joseph!
Joseph is almost dead.
Joseph shoots a sling bullet.
The sling bullet completely misses you.
Fire: e) +4 longbow of the Owl {antimagic, rElec Dex+6 Stlth-}
Press: ? - help, Q - select action, (/) - cycle Shift-Dir - straight line, f/p - Joseph
Aim: Joseph, wielding a +0 sling, wearing a +0 leather armour and carrying a wand of mindburst (9) (almost dead, 76% to hit)
You shoot an arrow. The arrow barely misses Joseph.
Joseph shoots a sling bullet.
The sling bullet hits you.
* * * LOW HITPOINT WARNING * * *
Joseph zaps a wand.
Your mind is blasted!
You die...

##### ##...##
#####
#..#..###...#
#.###..@..).#
#..#..###...@...
##...## #####...
##@## .. #.#
#####.#####
#.........#
#.###.###.# #.#
#.# #.###.#
###.....#
#.........#


You could see Joseph.

Vanquished Creatures
  A two-headed ogre (D:8)
  A wraith (Ossuary)
  Menkaure (D:4)
  An ice beast (D:6)
  3 ogres
  2 black bears
  2 phantoms
  5 bullfrogs
  2 necrophages
  3 scorpions
  3 wights (D:6)
  A hound (D:4)
  A jelly (D:4)
  An iguana (D:6)
  A gnoll bouda (D:4)
  3 orc wizards (D:4)
  A mummy (Ossuary)
  12 gnolls
  9 adders
  2 white imps (D:7)
  2 ufetubi
  A worm (D:3)
  3 dart slugs
  8 orcs
  7 bats
  6 endoplasms
  A giant cockroach (D:2)
  6 hobgoblins
  3 jackals (D:2)
  5 kobolds
  2 quokkas
  5 ball pythons
  5 frilled lizards
  3 gnoll skeletons (Ossuary)
  5 goblins
  8 kobold skeletons (Ossuary)
  14 orc skeletons (Ossuary)
  6 rats
145 creatures vanquished.

Notes
Turn   | Place    | Note
-------+----------+-------------------------------------------
     0 | D:1      | purpskrrrp the Minotaur Hunter began the quest for the Orb.
     0 | D:1      | Reached XP level 1. HP: 18/18 MP: 0/0
    82 | D:1      | Identified a scroll of acquirement
    82 | D:1      | Acquired the +4 longbow of the Owl {antimagic, rElec Dex+6
                  | Stlth-}
   195 | D:1      | Reached XP level 2. HP: 25/25 MP: 0/1
  1035 | D:2      | Reached skill level 5 in Ranged Weapons
  1077 | D:2      | Reached XP level 3. HP: 23/31 MP: 0/2
  1236 | D:2      | Reached XP level 4. HP: 38/38 MP: 1/3
  1758 | D:3      | Found a faded altar of an unknown god.
  1974 | D:3      | Found a shadowy altar of Dithmenos.
  2613 | D:4      | Reached skill level 6 in Ranged Weapons
  2613 | D:4      | Reached XP level 5. HP: 46/46 MP: 1/4
  2707 | D:4      | Found a sand-covered staircase.
  2716 | Ossuary  | Entered an ossuary
  2716 | Ossuary  | Noticed a wraith
  2716 | Ossuary  | Noticed a wraith
  2727 | Ossuary  | Noticed a wraith
  2915 | Ossuary  | Noticed a wraith
  2919 | Ossuary  | Killed a wraith
  2920 | Ossuary  | Reached XP level 6. HP: 41/53 MP: 1/5
  3127 | D:4      | Reached skill level 7 in Ranged Weapons
  3156 | D:4      | Noticed Menkaure
  3158 | D:4      | Killed Menkaure
  3159 | D:4      | Reached skill level 5 in Fighting
  3159 | D:4      | Reached XP level 7. HP: 61/61 MP: 2/6
  3183 | D:4      | Identified the +2 long sword of Entrepreneurial Spirit
                  | {vorpal, Str+2}
  3201 | D:4      | Found a shimmering blue altar of Sif Muna.
  3222 | D:4      | Got Sif Muna's Treatise on Concussion
  3304 | D:4      | Found an ornate altar of the Wu Jian Council.
  3386 | D:4      | Found Yforosur's Antique Armour Shop.
  3578 | D:4      | Reached skill level 5 in Dodging
  3761 | D:4      | Reached skill level 8 in Ranged Weapons
  3876 | D:4      | Acquired 1156 gold pieces
  3919 | D:4      | Bought a dazzling scale mail for 270 gold pieces
  3919 | D:4      | Identified the +4 scale mail of Dishonesty {rElec rC+
                  | Slay+3} (You bought it in a shop on level 4 of the Dungeon)
  3919 | D:4      | Bought a polished cloak for 285 gold pieces
  3919 | D:4      | Identified the +0 cloak of Too Many Cooks {rPois rF+ Str+2}
                  | (You bought it in a shop on level 4 of the Dungeon)
  3919 | D:4      | Bought a pair of glowing gloves for 225 gold pieces
  3947 | D:5      | Entered Level 5 of the Dungeon
  4073 | D:5      | Found a runed translucent door.
  4074 | D:5      | Noticed Crazy Yiuf
  4222 | D:5      | Found a basalt altar of Yredelemnul.
  4229 | D:5      | Reached skill level 1 in Armour
  4229 | D:5      | Reached XP level 8. HP: 70/70 MP: 2/7
  4306 | D:5      | Found a staircase to the Ecumenical Temple.
  4425 | D:5      | Found a snail-covered altar of Cheibriados.
  4437 | D:5      | Became a worshipper of Cheibriados the Contemplative
  4768 | D:6      | Reached skill level 9 in Ranged Weapons
  5025 | D:6      | Identified the +0 pair of gloves "Dimairre" {Regen+ Str+2
                  | Int+2 Dex+3}
  5083 | D:6      | Found an opulent altar of Gozag.
  5086 | D:6      | Found a white marble altar of Elyvilon.
  5087 | D:6      | Found an iron altar of Okawaru.
  5098 | D:6      | Found a glowing golden altar of the Shining One.
  5101 | D:6      | Found a radiant altar of Vehumet.
  5470 | D:7      | Reached skill level 10 in Ranged Weapons
  5563 | D:7      | Reached XP level 9. HP: 79/79 MP: 2/8
  5735 | D:7      | Found a sparkling altar of Nemelex Xobeh.
  5735 | D:7      | Noticed a white ugly thing
  5951 | D:7      | Reached * piety under Cheibriados
  6238 | D:8      | Noticed a two-headed ogre
  6239 | D:8      | Noticed Joseph
  6242 | D:8      | Killed a two-headed ogre
  6243 | D:8      | Reached skill level 11 in Ranged Weapons
  6243 | D:8      | Reached skill level 5 in Armour
  6253 | D:8      | Blown up by Joseph

Illustrated notes

Levels and vault maps discovered:
D:1:      eino_arrival_water_cross, layout_basic
D:2:      layout_basic, solitary_fountain
D:3:      layout_loops_ring, mainiacjoe_overflow_24_doors,
          basic_ecumenical_altar, minmay_misc_feat_rows,
          kennysheep_small_spiral, wander_ebering_terrifying_dragon_lair
D:4:      layout_loops_ring, led_sif_book, mainiacjoe_overflow_chevrons,
          nicolae_ossuary_entry_plus, serial_shops, nicolae_shop_waterfront,
          nicolae_hexahallways, uniq_menkaure
D:5:      layout_basic, kennysheep_slug_shrine, mainiacjoe_overflow_brackets,
          minmay_temple_entry_gardened_gates, grunt_decor_clamped,
          uniq_crazy_yiuf_cottage
D:6:      layout_basic, minmay_overflow_temple_star_hex
D:7:      layout_gridville, grunt_nemelex_the_gamble
D:8:      layout_loops_corners, uniq_joseph

Skill      XL: |  1  2  3  4  5  6  7  8  9 |
---------------+----------------------------+-----
Ranged Weapons | 5 6 7 8 10 11 | 11.1
Fighting       | 3 4 5 7 8 |  8.1
Dodging        | 3 4 5 |  5.1
Armour         | 1 4 5 |  5.5
Stealth        | |  0.7

Action                   |  1- 3 |  4- 6 |  7- 9 || total
-------------------------+-------+-------+-------++-------
 Fire: Shortbow          |    11 |       |       ||    11
       Longbow           |    45 |    98 |   133 ||   276
  Use: Scroll            |     1 |    16 |     4 ||    21
Armor: Leather armour    |    10 |    11 |     4 ||    25
       Scale mail        |       |       |    15 ||    15
Dodge: Dodged            |    18 |    21 |    36 ||    75

Table legend: (Time is in decaauts)
 A = Elapsed time spent in this place.
 B = Non-inter-level travel time spent in this place.
 C = Inter-level travel time spent in this place.
 D = Time resting spent in this place.
 E = Time spent auto-exploring this place.
 F = Levels seen in this place.
 G = Mean time per level.
                   A        B        C        D        E       F      G
               +--------+--------+--------+--------+--------+-----+--------+
         Total |   6905 |   6552 |    353 |     42 |   5513 |   9 |  767.2 |
       Dungeon |   6537 |   6184 |    353 |      0 |   5432 |   8 |  817.1 |
       Ossuary |    367 |    367 |      0 |     42 |     81 |   1 |  367.0 |
               +--------+--------+--------+--------+--------+-----+--------+

Top non-repeatable levels by time:
     D:7: 1073 daAuts
     D:4: 1060 daAuts
     D:1: 1025 daAuts
     D:6: 880 daAuts
     D:5: 816 daAuts
     D:3: 816 daAuts
     D:2: 765 daAuts
 Ossuary: 367 daAuts
     D:8: 99 daAuts
